 Dungeon Sprint DCSS version 0.30-a0-121-gb27577e5d9 (webtiles) character file.

Game seed: 4237668208358720017

17 mhtbhm the Digger (level 2, -3/15 HPs)
             Began as a Deep Elf Earth Elementalist on Sept 14, 2022.
             Was a Believer of Vehumet.
             Slain by a kobold brigand
             ... wielding a +0 whip
              (6 damage)
             ... in the Dungeon (Sprint VII: "The Pits").
             The game lasted 00:01:11 (360 turns).

mhtbhm the Digger (Deep Elf Earth Elementalist)      Turns: 360, Time: 00:01:11

Health: -3/15      AC:  2    Str:  5    XL:     2   Next: 44%
Magic:  4/9        EV: 13    Int: 19    God:    Vehumet [**....]
Gold:   0          SH:  0    Dex: 15    Spells: 9/10 levels left

rFire   . . .      SeeInvis .    k - +2 quarterstaff
rCold   . . .      Faith    .    (shield currently unavailable)
rNeg    . . .      Spirit   .    a - +0 robe
rPois   .          Reflect  .    (no helmet)
rElec   .          Harm     .    (no cloak)
rCorr   .          Rampage  .    (no gloves)
Will    .....      NoTele   +    (no boots)
Stlth   ++........               (no amulet)
HPRegen 0.05/turn                (no ring)
MPRegen 0.11/turn                (no ring)

@: lethally poisoned (-3 -> -12)
A: no striking features
a: Renounce Religion


You were in the Dungeon.
You worshipped Vehumet.
Vehumet was pleased with you.
You visited 1 branch

Inventory:

Hand Weapons
 k - a +2 quarterstaff (weapon)
Armour
 a - a +0 robe (worn)
Scrolls
 i - 5 scrolls of amnesia
 j - a scroll of summoning
Potions
 b - 5 potions of magic
 e - a potion of haste
 f - 3 potions of berserk rage
 h - 2 potions of invisibility


   Skills:
 + Level 3.2 Dodging
 + Level 3.1 Stealth
 + Level 4.5 Spellcasting
 + Level 1.2 Transmutations
 + Level 5.0 Earth Magic


You had 9 spell levels left.
You knew the following spells:

 Your Spells              Type           Power      Damage    Failure   Level
a - Sandblast             Erth           46%        2d11      1%          1

Your spell library contained the following spells:

 Spells                   Type           Power      Damage    Failure   Level
 Magic Dart               Conj           16%        1d3       13%         1
 Passwall                 Tmut/Erth      13%        N/A       5%          2
 Stone Arrow              Conj/Erth      28%        3d8       14%         3
 Petrify                  Tmut/Erth      16%        N/A       34%         4


Dungeon Overview and Level Annotations

Branches:
Dungeon (1/1)

Altars:
Ashenzari
Cheibriados
Dithmenos
Elyvilon
Fedhas
Gozag
Hepliaklqana
Kikubaaqudgha
Makhleb
Nemelex Xobeh
Okawaru
Qazlal
Ru
Sif Muna
Trog
Uskayaw
Vehumet
Wu Jian
Xom
Yredelemnul
Zin
The Shining One
Jiyva
Lugonu


Message History

A kobold brigand opens the door.
It is wielding a +0 whip and quivering poisoned darts.
Casting: Sandblast (safe; 1% risk of failure)
Confirm with . or Enter, or press ? or * to list all spells.
Okay, then.
Casting: Sandblast (safe; 1% risk of failure)
Confirm with . or Enter, or press ? or * to list all spells.
Aiming: Sandblast (safe; 1% risk of failure)
Press: ? - help, Shift-Dir - straight line, f - kobold brigand
Aim: a kobold brigand, wielding a +0 whip and quivering poisoned darts (moderately wounded, 79% to hit)
The blast of sand misses the kobold brigand.
The blast of sand hits the hobgoblin!
You kill the hobgoblin!
Vehumet accepts your kill.
You feel your power returning.
The kobold brigand throws a poisoned dart.
The poisoned dart hits you!
You are lethally poisoned!
Unknown command.
Casting: Sandblast (safe; 1% risk of failure)
Confirm with . or Enter, or press ? or * to list all spells.
Aiming: Sandblast (safe; 1% risk of failure)
Press: ? - help, Shift-Dir - straight line, f/p - kobold brigand
Aim: a kobold brigand, wielding a +0 whip and quivering poisoned darts (moderately wounded, 79% to hit)
The blast of sand misses the kobold brigand.
You feel very sick.
The kobold brigand throws a poisoned dart.
The poisoned dart hits you.
You are more poisoned.
Unknown command.
Casting: Sandblast (safe; 1% risk of failure)
Confirm with . or Enter, or press ? or * to list all spells.
Aiming: Sandblast (safe; 1% risk of failure)
Press: ? - help, Shift-Dir - straight line, f/p - kobold brigand
Aim: a kobold brigand, wielding a +0 whip and quivering poisoned darts (moderately wounded, 79% to hit)
The blast of sand hits the kobold brigand.
The kobold brigand is heavily wounded.
* * * LOW HITPOINT WARNING * * *
You feel very sick.
The kobold brigand hits you with a +0 whip.
You die...

#_________.#
#_______...#########
##########'##.......
#.?(.')))'.##......#
##########.##.......
#..........)'.......
#+#####'#####......#
#..#..#..##.......
#@K'..†..#####'###
##+####'###.......
.g. #.......
†)..##.......
#+#####...<...
#....... #.......
#....... ########


You could see a kobold brigand.

Vanquished Creatures
  A gnoll (D)
  2 giant cockroaches (D)
  A hobgoblin (D)
  A ball python skeleton (D)
  A frilled lizard (D)
  A goblin (D)
  A kobold (D)
  A rat (D)
9 creatures vanquished.

Notes
Turn   | Place    | Note
-------+----------+-------------------------------------------
     0 | D        | mhtbhm the Deep Elf Earth Elementalist began the quest for
                  | the Orb.
     0 | D        | Reached XP level 1. HP: 10/10 MP: 6/6
    17 | D        | Reached skill level 4 in Earth Magic
    17 | D        | Reached XP level 2. HP: 3/15 MP: 2/9
   199 | D        | Found a bloodstained altar of Trog.
   199 | D        | Found a shimmering blue altar of Sif Muna.
   199 | D        | Found a viscous altar of Jiyva.
   199 | D        | Found a hazy altar of Hepliaklqana.
   199 | D        | Found an opulent altar of Gozag.
   200 | D        | Found a glowing golden altar of the Shining One.
   200 | D        | Found a glowing silver altar of Zin.
   200 | D        | Found a basalt altar of Yredelemnul.
   200 | D        | Found a shimmering altar of Xom.
   200 | D        | Found an ornate altar of the Wu Jian Council.
   200 | D        | Found a sacrificial altar of Ru.
   200 | D        | Found a stormy altar of Qazlal.
   200 | D        | Found an iron altar of Okawaru.
   200 | D        | Found a sparkling altar of Nemelex Xobeh.
   200 | D        | Found a burning altar of Makhleb.
   200 | D        | Found a blossoming altar of Fedhas.
   200 | D        | Found a white marble altar of Elyvilon.
   200 | D        | Found a shadowy altar of Dithmenos.
   200 | D        | Found a snail-covered altar of Cheibriados.
   240 | D        | Found a radiant altar of Vehumet.
   240 | D        | Found a corrupted altar of Lugonu.
   241 | D        | Found a hide-covered altar of Uskayaw.
   241 | D        | Found an ancient bone altar of Kikubaaqudgha.
   241 | D        | Found a broken altar of Ashenzari.
   250 | D        | Became a worshipper of Vehumet
   303 | D        | Reached * piety under Vehumet
   303 | D        | Offered knowledge of Magic Dart by Vehumet.
   347 | D        | Reached ** piety under Vehumet
   347 | D        | Noticed a kobold brigand
   349 | D        | Reached skill level 5 in Earth Magic
   360 | D        | Slain by a kobold brigand

Illustrated notes

Levels and vault maps discovered:
D:        pitsprint [storerooms_1, entrance_room_1, metal_vault_6, armoury_2,
          mini_pit_1, grid_room_1, main_hall_1, silver_pit, the_coven_3,
          the_vestibule_1, steel_vault_2, golden_pit, hallway_of_sentries,
          crystal_vault_6, iron_vault_2, final_vault]

Skill      XL: |  1  2 |
---------------+-------+-----
Spellcasting   | 4 |  4.5
Earth Magic    | 4 5 |  5.0
Stealth        | 3 |  3.1
Dodging        | 3 |  3.2
Transmutations | |  1.2

Action                   || total
-------------------------++-------
 Cast: Sandblast         ||    17
  Use: Potion            ||     2
       Scroll            ||     1
Armor: Robe              ||     1
Dodge: Dodged            ||     3

Table legend: (Time is in decaauts)
 A = Elapsed time spent in this place.
 B = Non-inter-level travel time spent in this place.
 C = Inter-level travel time spent in this place.
 D = Time resting spent in this place.
 E = Time spent auto-exploring this place.
 F = Levels seen in this place.
 G = Mean time per level.
                   A        B        C        D        E       F      G
               +--------+--------+--------+--------+--------+-----+--------+
         Total |    367 |    367 |      0 |    254 |      0 |   1 |  367.0 |
       Dungeon |    367 |    367 |      0 |    254 |      0 |   1 |  367.0 |
               +--------+--------+--------+--------+--------+-----+--------+

Top non-repeatable levels by time:
       D: 367 daAuts
